IL
DURHAM BULLS @ ROUND ROCK EXPRESS
06/20/2044
 
TOP OF THE 1ST
Durham Bulls batting - Pitching for Round Rock Express : RHP Adam Jackson
Pitching: RHP Adam Jackson
Batting: LHB Angel Ruvalcaba 0-0: Called Strike
0-1: Swinging Strike
0-2: Fly out, F9 (Line Drive, 9D, EV 106.3 MPH)
Batting: RHB Justin Stone 0-0: SINGLE (Groundball, 4MD, EV 99.4 MPH)
Batting: RHB Eugênio Asceno 0-0: Fielders Choice at 2nd, 3-6 (Groundball, 13, EV 83.8 MPH)
Batting: SHB Ben Pierce 0-0: Ground out U3 (Groundball, 3, EV 86.3 MPH)
Top of the 1st over - 0 runs, 1 hit, 0 errors, 1 left on base; Durham 0 - Round Rock 0
BOTTOM OF THE 1ST
Round Rock Express batting - Pitching for Durham Bulls : RHP Jim Averette
Pitching: RHP Jim Averette
Batting: RHB Zhi-bin Ou-yang 0-0: Ball
1-0: Ground out 4-3 (Groundball, 4, EV 78.8 MPH)
Batting: SHB David Simpson 0-0: Foul Ball, location: 2F
0-1: Ball
1-1: Ball
2-1: SINGLE (Line Drive, 7S, EV 93.8 MPH)
Batting: RHB Alan Oxenrider 0-0: Ball
1-0: DOUBLE (Flyball, 8RXD, EV 97.5 MPH)
David Simpson to third
Batting: RHB Orlando Suarez 0-0: Called Strike
0-1: Ball
1-1: SINGLE (Flyball, 4D, EV 88.8 MPH)
David Simpson scores
Alan Oxenrider to third
Batting: RHB Luis Villanueva 0-0: SINGLE (Line Drive, 4MD, EV 105.6 MPH)
Alan Oxenrider scores
Orlando Suarez to second
Batting: LHB Jeff Densmore 0-0: Foul Ball, location: 2F
0-1: Ball
1-1: Foul Ball, location: 2F
1-2: SINGLE (Groundball, 3S, EV 67.5 MPH) (infield hit)
Orlando Suarez to third
Luis Villanueva to second
Batting: RHB Jimmy Hammertime 0-0: Fielders Choice at 2nd, 3-6 (Groundball, 34, EV 88.8 MPH)
Orlando Suarez scores
Luis Villanueva to third
Batting: LHB Pauli Gassinger 0-0: Ball
1-0: Ball
2-0: Fly out, F8 (Line Drive, 8LM, EV 95.0 MPH)
Bottom of the 1st over - 3 runs, 5 hits, 0 errors, 2 left on base; Durham 0 - Round Rock 3
TOP OF THE 2ND
Durham Bulls batting - Pitching for Round Rock Express : RHP Adam Jackson
Batting: RHB Kevin Kush 0-0: Ground out 5-3 (Groundball, 5, EV 85.0 MPH)
Batting: SHB Jose Vargas 0-0: Swinging Strike
0-1: Ground out 6-3 (Groundball, 6, EV 87.5 MPH)
Batting: LHB Brian Hollinger 0-0: Ball
1-0: DOUBLE (Line Drive, 78XD, EV 110.6 MPH)
Batting: RHB Shinji Aizawa 0-0: Swinging Strike
0-1: Called Strike
0-2: Ball
1-2: Strikes out swinging
Top of the 2nd over - 0 runs, 1 hit, 0 errors, 1 left on base; Durham 0 - Round Rock 3
BOTTOM OF THE 2ND
Round Rock Express batting - Pitching for Durham Bulls : RHP Jim Averette
Batting: RHB Rick Concha 0-0: Ball
1-0: SINGLE (Line Drive, 8LS, EV 94.4 MPH)
Batting: RHB Zhi-bin Ou-yang 0-0: Foul Ball, location: 2F
0-1: Swinging Strike
0-2: Ball
1-2: Foul Ball, location: 2F
1-2: Foul Ball, location: 2F
1-2: Strikes out swinging
Batting: SHB David Simpson 0-0: Foul Ball, location: 2F
0-1: Ball
1-1: DOUBLE (Flyball, 78XD, EV 101.3 MPH)
Rick Concha to third
Batting: RHB Alan Oxenrider 0-0: Ball
1-0: Foul Ball, location: 2F
1-1: Ball
2-1: SINGLE (Groundball, 4D, EV 101.3 MPH)
Rick Concha scores
David Simpson to third
Batting: RHB Orlando Suarez 0-0: Ball
1-0: Ball
2-0: Called Strike
Pickoff Throw to First - Out! 1-3
2-1: Ground out 5-3 (Groundball, 56, EV 104.4 MPH)
Bottom of the 2nd over - 1 run, 3 hits, 0 errors, 1 left on base; Durham 0 - Round Rock 4
TOP OF THE 3RD
Durham Bulls batting - Pitching for Round Rock Express : RHP Adam Jackson
Batting: LHB Danny Hull 0-0: Called Strike
0-1: Ball
1-1: Fly out, F6 (Popup, 4M, EV 56.9 MPH)
Batting: LHB Angel Ruvalcaba 0-0: Ball
1-0: Fly out, F8 (Flyball, 8LM, EV 90.0 MPH)
Batting: RHB Justin Stone 0-0: Ball
1-0: Foul Ball, location: 2F
1-1: Ball
2-1: SINGLE (Line Drive, 4D, EV 105.6 MPH)
Batting: RHB Eugênio Asceno 0-0: Called Strike
0-1: Foul Ball, location: 2F
0-2: Ball
1-2: Ground out 5-3 (Groundball, 56S, EV 83.1 MPH)
Top of the 3rd over - 0 runs, 1 hit, 0 errors, 1 left on base; Durham 0 - Round Rock 4
BOTTOM OF THE 3RD
Round Rock Express batting - Pitching for Durham Bulls : RHP Jim Averette
Batting: RHB Luis Villanueva 0-0: Ball
1-0: Foul Ball, location: 2F
1-1: Foul Ball, location: 2F
1-2: Fly out, F6 (Flyball, 56D, EV 88.1 MPH)
Batting: LHB Jeff Densmore 0-0: Ground out 4-3 (Groundball, 4MD, EV 103.8 MPH)
Batting: RHB Jimmy Hammertime 0-0: Fly out, F8 (Flyball, 8LS, EV 88.8 MPH)
Bottom of the 3rd over - 0 runs, 0 hits, 0 errors, 0 left on base; Durham 0 - Round Rock 4
TOP OF THE 4TH
Durham Bulls batting - Pitching for Round Rock Express : RHP Adam Jackson
Batting: SHB Ben Pierce 0-0: Called Strike
0-1: Ball
1-1: Ball
2-1: Ball
3-1: SINGLE (Groundball, 56D, EV 94.4 MPH)
Batting: RHB Kevin Kush 0-0: Ball
1-0: Ball
2-0: Foul Ball, location: 2F
2-1: Foul Ball, location: 2F
2-2: Foul Ball, location: 2F
2-2: Strikes out swinging
Batting: SHB Jose Vargas 0-0: Grounds into double play, 4-6-3 (Groundball, 4D, EV 78.1 MPH)
Top of the 4th over - 0 runs, 1 hit, 0 errors, 0 left on base; Durham 0 - Round Rock 4
BOTTOM OF THE 4TH
Round Rock Express batting - Pitching for Durham Bulls : RHP Jim Averette
Batting: LHB Pauli Gassinger 0-0: Ball
1-0: Called Strike
1-1: Ball
2-1: Ball
3-1: Ground out 4-3 (Groundball, 4S, EV 69.4 MPH)
Batting: RHB Rick Concha 0-0: Foul Ball, location: 2F
0-1: Foul Ball, location: 2F
0-2: Ball
1-2: Foul Ball, location: 2F
1-2: Strikes out swinging
Batting: RHB Zhi-bin Ou-yang 0-0: Ball
1-0: Foul Ball, location: 2F
1-1: SINGLE (Groundball, 56D, EV 103.1 MPH)
Batting: SHB David Simpson 0-0: Ball
1-0: Called Strike
1-1: Called Strike
1-2: Ground out 6-3 (Groundball, 56D, EV 101.3 MPH)
Bottom of the 4th over - 0 runs, 1 hit, 0 errors, 1 left on base; Durham 0 - Round Rock 4
TOP OF THE 5TH
Durham Bulls batting - Pitching for Round Rock Express : RHP Adam Jackson
Batting: LHB Brian Hollinger 0-0: Ball
1-0: Reached on error, E6 (Groundball, 6, EV 104.4 MPH)
Batting: RHB Shinji Aizawa 0-0: Called Strike
0-1: Swinging Strike
0-2: Ball
1-2: Strikes out swinging
Batting: LHB Danny Hull 0-0: Fly out, F8 (Line Drive, 8RD, EV 89.4 MPH)
Batting: LHB Angel Ruvalcaba 0-0: Ball
1-0: Called Strike
1-1: DOUBLE (Line Drive, 78M, EV 100.0 MPH)
Brian Hollinger to third
Runner from 3rd tries for Home, SAFE, no throw by LF
Batting: RHB Justin Stone 0-0: Called Strike
0-1: Foul Ball, location: 2F
0-2: Ball
1-2: Foul Ball, location: 2F
1-2: Ball
2-2: Foul Ball, location: 2F
2-2: SINGLE (Line Drive, 9S, EV 103.8 MPH)
Angel Ruvalcaba to third
Runner from 3rd tries for Home, SAFE, throw by RF to home
Batting: RHB Eugênio Asceno 0-0: Ball
1-0: Ball
2-0: Ball
3-0: Base on Balls
Justin Stone to second
Batting: SHB Ben Pierce 0-0: Foul Ball, location: 2F
0-1: Ground out 5-3 (Groundball, 56S, EV 88.1 MPH)
Top of the 5th over - 2 runs, 2 hits, 1 error, 2 left on base; Durham 2 - Round Rock 4
BOTTOM OF THE 5TH
Round Rock Express batting - Pitching for Durham Bulls : RHP Jim Averette
Batting: RHB Alan Oxenrider 0-0: Ball
1-0: Ground out 6-3 (Groundball, 6, EV 87.5 MPH)
Batting: RHB Orlando Suarez 0-0: SINGLE (Groundball, 6D, EV 105.6 MPH)
Batting: RHB Luis Villanueva 0-0: Ball
1-0: Ball
2-0: Ball
3-0: Called Strike
3-1: DOUBLE (Flyball, 8RXD, EV 115.0 MPH)
Orlando Suarez to third
Batting: LHB Jeff Densmore 0-0: Ball
1-0: Fly out, F9 (Flyball, 9LS, EV 76.3 MPH)
Batting: RHB Jimmy Hammertime 0-0: Foul Ball, location: 2F
0-1: Ball
1-1: Ground out 6-3 (Groundball, 6, EV 79.4 MPH)
Bottom of the 5th over - 0 runs, 2 hits, 0 errors, 2 left on base; Durham 2 - Round Rock 4
TOP OF THE 6TH
Durham Bulls batting - Pitching for Round Rock Express : RHP Adam Jackson
Batting: RHB Kevin Kush 0-0: Ball
1-0: Called Strike
1-1: Ball
2-1: Fly out, F7 (Flyball, 78D, EV 101.3 MPH)
Batting: SHB Jose Vargas 0-0: Foul Ball, location: 2F
0-1: Ball
1-1: Ground out 4-3 (Groundball, 4, EV 102.5 MPH)
Batting: LHB Brian Hollinger 0-0: Called Strike
0-1: Ball
1-1: Foul Ball, location: 2F
1-2: Ball
2-2: Foul Ball, location: 2F
2-2: Ball
3-2: Strikes out swinging
Top of the 6th over - 0 runs, 0 hits, 0 errors, 0 left on base; Durham 2 - Round Rock 4
BOTTOM OF THE 6TH
Round Rock Express batting - Pitching for Durham Bulls : RHP Jim Averette
Batting: LHB Pauli Gassinger 0-0: SINGLE (Groundball, 34D, EV 76.3 MPH) (infield hit)
Batting: RHB Rick Concha 0-0: Called Strike
0-1: Foul Ball, location: 2F
0-2: Ground out 5-3 (Groundball, 56S, EV 68.8 MPH)
Pauli Gassinger to second
Batting: RHB Zhi-bin Ou-yang 0-0: Ball
1-0: Ball
2-0: Ball
3-0: Called Strike
3-1: Foul Ball, location: 2F
3-2: Ground out 6-3 (Groundball, 56, EV 106.9 MPH)
Batting: SHB David Simpson 0-0: Called Strike
0-1: Ball
1-1: Swinging Strike
1-2: Foul Ball, location: 2F
1-2: Ball
2-2: Ground out 6-3 (Groundball, 6M, EV 81.3 MPH)
Bottom of the 6th over - 0 runs, 1 hit, 0 errors, 1 left on base; Durham 2 - Round Rock 4
TOP OF THE 7TH
Durham Bulls batting - Pitching for Round Rock Express : RHP Adam Jackson
Batting: RHB Shinji Aizawa 0-0: Foul Ball, location: 2F
0-1: Ball
1-1: Foul Ball, location: 2F
1-2: Strikes out swinging
Batting: LHB Danny Hull 0-0: Called Strike
0-1: Ball
1-1: Ground out 3-1 (Groundball, 34S, EV 86.9 MPH)
Batting: LHB Angel Ruvalcaba 0-0: Ball
1-0: Called Strike
1-1: Ball
2-1: Swinging Strike
2-2: Ball
3-2: Base on Balls
Batting: RHB Justin Stone 0-0: Ball
Angel Ruvalcaba steals 2nd base
1-0: Fly out, F4 (Popup, 3S, EV 84.4 MPH)
Top of the 7th over - 0 runs, 0 hits, 0 errors, 1 left on base; Durham 2 - Round Rock 4
BOTTOM OF THE 7TH
Round Rock Express batting - Pitching for Durham Bulls : RHP Jim Averette
Batting: RHB Alan Oxenrider 0-0: Ground out 6-3 (Groundball, 56, EV 102.5 MPH)
Batting: RHB Orlando Suarez 0-0: Called Strike
0-1: Ball
1-1: Fly out, F7 (Flyball, 7S, EV 89.4 MPH)
Batting: RHB Luis Villanueva 0-0: Ball
1-0: Ball
2-0: Called Strike
2-1: Ball
3-1: Foul Ball, location: 2F
3-2: Base on Balls
Pitching: LHP Melvin Millan
Batting: LHB Jeff Densmore 0-0: Called Strike
0-1: Fly out, F8 (Flyball, 78D, EV 103.1 MPH)
Bottom of the 7th over - 0 runs, 0 hits, 0 errors, 1 left on base; Durham 2 - Round Rock 4
TOP OF THE 8TH
Durham Bulls batting - Pitching for Round Rock Express : RHP Adam Jackson
Batting: RHB Eugênio Asceno 0-0: Called Strike
0-1: Ball
1-1: Foul Ball, location: 2F
1-2: Ball
2-2: Ball
3-2: Fly out, F8 (Flyball, 78S, EV 91.9 MPH)
Batting: SHB Ben Pierce 0-0: Called Strike
0-1: Foul Ball, location: 2F
0-2: Fly out, F8 (Flyball, 8LS, EV 86.9 MPH)
Batting: RHB Kevin Kush 0-0: Swinging Strike
0-1: Ball
1-1: Called Strike
1-2: Foul Ball, location: 2F
1-2: SINGLE (Groundball, 4M, EV 100.0 MPH)
Pitching: LHP Joe Duckworth
Batting: SHB Jose Vargas 0-0: Swinging Strike
0-1: Ball
1-1: Ball
2-1: Foul Ball, location: 2F
2-2: Foul Ball, location: 2F
2-2: Foul Ball, location: 2F
2-2: Ball
3-2: Foul Ball, location: 2F
3-2: Strikes out swinging, 2-3 out at first.
Top of the 8th over - 0 runs, 1 hit, 0 errors, 1 left on base; Durham 2 - Round Rock 4
BOTTOM OF THE 8TH
Round Rock Express batting - Pitching for Durham Bulls : LHP Melvin Millan
Batting: RHB Jimmy Hammertime 0-0: Ball
1-0: Foul Ball, location: 2F
1-1: SINGLE (Groundball, 34D, EV 100.0 MPH)
Batting: LHB Pauli Gassinger 0-0: Called Strike
0-1: Ball
1-1: Ball
2-1: Ball
3-1: Base on Balls
Jimmy Hammertime to second
Batting: RHB Rick Concha 0-0: Sac Bunt to P - play at first, batter OUT! 1-3
Jimmy Hammertime to third
Pauli Gassinger to second
Batting: RHB Zhi-bin Ou-yang 0-0: Intentional Walk
Batting: SHB David Simpson 0-0: Ball
1-0: Ball
2-0: Grounds into fielders choice 6-2 (Groundball, P, EV 81.9 MPH)
Pauli Gassinger to third
Zhi-bin Ou-yang to second
Batting: RHB Alan Oxenrider 0-0: Called Strike
0-1: TRIPLE (Groundball, 3L, EV 103.8 MPH)
Pauli Gassinger scores
Zhi-bin Ou-yang scores
David Simpson scores
Batting: RHB Orlando Suarez 0-0: Ball
1-0: Called Strike
1-1: Called Strike
1-2: Ball
2-2: Strikes out swinging
Bottom of the 8th over - 3 runs, 2 hits, 0 errors, 1 left on base; Durham 2 - Round Rock 7
TOP OF THE 9TH
Durham Bulls batting - Pitching for Round Rock Express : LHP Joe Duckworth
Batting: LHB Brian Hollinger 0-0: Called Strike
0-1: Ball
1-1: Ball
2-1: Swinging Strike
2-2: Strikes out looking
Batting: RHB Shinji Aizawa 0-0: Ball
1-0: Ground out 6-3 (Groundball, 6, EV 93.1 MPH)
Batting: LHB Danny Hull 0-0: Foul Ball, location: 2F
0-1: Ball
1-1: Ball
2-1: Foul Ball, location: 2F
2-2: Foul Ball, location: 2F
2-2: Ground out U3 (Groundball, 34, EV 88.1 MPH)
Top of the 9th over - 0 runs, 0 hits, 0 errors, 0 left on base; Durham 2 - Round Rock 7
Thursday, March 31st , 2022 - OOTP Baseball 22.12 Build 89